| TOP OF THE 1ST |
|
Buffalo Bisons batting - Pitching for Columbus Jets : RHP Darryl Banks
|
|
Pitching: RHP Darryl Banks
|
|
|
Batting: SHB George D Wright
|
0-0: Ground out 4-3 (Groundball, 4, EV 80.0 MPH)
|
|
Batting: LHB Doe Boyland
|
0-0: Called Strike 0-1: Called Strike 0-2: Ground out 6-3 (Groundball, 6, EV 91.9 MPH)
|
|
Batting: RHB Bill Bathe
|
0-0: Called Strike 0-1: Ground out 4-3 (Groundball, 4, EV 91.9 MPH)
|
| Top of the 1st over - 0 runs, 0 hits, 0 errors, 0 left on base; Buffalo 0 - Columbus 0 |
| BOTTOM OF THE 1ST |
|
Columbus Jets batting - Pitching for Buffalo Bisons : RHP Gary Hartsock
|
|
Pitching: RHP Gary Hartsock
|
|
|
Batting: RHB Greg Schultz
|
0-0: Ball 1-0: Fly out, F2 (Popup, 2RF, EV 93.1 MPH)
|
|
Batting: RHB Jim Maler
|
0-0: Called Strike 0-1: Fly out, F4 (Flyball, 34D, EV 92.5 MPH)
|
|
Batting: RHB Danny Tartabull
|
0-0: Fly out, F2 (Popup, 15S, EV 92.5 MPH)
|
| Bottom of the 1st over - 0 runs, 0 hits, 0 errors, 0 left on base; Buffalo 0 - Columbus 0 |
| TOP OF THE 2ND |
|
Buffalo Bisons batting - Pitching for Columbus Jets : RHP Darryl Banks
|
|
Batting: LHB Gary Rajsich
|
0-0: Ball 1-0: Ball 2-0: Ball 3-0: Called Strike 3-1: Called Strike 3-2: DOUBLE (Groundball, 3L, EV 106.3 MPH)
|
|
Batting: RHB John Seefried
|
0-0: Ground out 5-3 (Groundball, 5, EV 101.9 MPH)
|
|
Batting: LHB Phillip Baskerville
|
0-0: Ball Gary Rajsich steals 3rd base 1-0: Ball 2-0: SINGLE (Groundball, 4D, EV 108.1 MPH) Gary Rajsich scores
|
|
Batting: RHB Pat Keedy
|
0-0: Foul Ball, location: 2F 0-1: Foul Ball, location: 2F 0-2: Foul Ball, location: 2F 0-2: Ball 1-2: Foul Ball, location: 2F 1-2: SINGLE (Groundball, 6MD, EV 96.3 MPH) Phillip Baskerville to second Runner from 2nd tries for 3rd, OUT! 8-5 Pat Keedy to second
|
|
Batting: LHB Bob Skube
|
0-0: SINGLE (Groundball, 34D, EV 99.4 MPH) Pat Keedy to third Runner from 3rd tries for Home, SAFE, throw by RF to home
|
|
Batting: RHB Nicholas Kintz
|
0-0: Foul Ball, location: 2F 0-1: Foul Ball, location: 2F 0-2: Ball 1-2: Ball 2-2: Foul Ball, location: 2F 2-2: Strikes out swinging
|
| Top of the 2nd over - 2 runs, 4 hits, 0 errors, 1 left on base; Buffalo 2 - Columbus 0 |
| BOTTOM OF THE 2ND |
|
Columbus Jets batting - Pitching for Buffalo Bisons : RHP Gary Hartsock
|
|
Batting: LHB Larry Sheets
|
0-0: Swinging Strike 0-1: Ball 1-1: DOUBLE (Line Drive, 8RXD, EV 108.8 MPH)
|
|
Batting: RHB Jackie Gutierrez
|
0-0: Ball 1-0: Swinging Strike 1-1: Ball 2-1: SINGLE (Groundball, 23, EV 80.6 MPH) (infield hit) Larry Sheets to third
|
|
Batting: LHB Paul Hollins
|
0-0: Ball 1-0: Fly out, F2 (Popup, 5SF, EV 80.0 MPH)
|
|
Batting: RHB Michael Ventress
|
0-0: Foul Ball, location: 2F 0-1: Ball 1-1: Ball 2-1: Ball 3-1: Foul Ball, location: 2F 3-2: Base on Balls Jackie Gutierrez to second
|
|
Batting: RHB Glenn Goya
|
0-0: Called Strike 0-1: Foul Ball, location: 2F 0-2: Ball 1-2: Fly out, F7 (Line Drive, 7, EV 93.1 MPH) Runner from 3rd tags up, OUT at HOME! 7-2
|
| Bottom of the 2nd over - 0 runs, 2 hits, 0 errors, 2 left on base; Buffalo 2 - Columbus 0 |
| TOP OF THE 3RD |
|
Buffalo Bisons batting - Pitching for Columbus Jets : RHP Darryl Banks
|
|
Batting: SHB George D Wright
|
0-0: Ball 1-0: SINGLE (Groundball, 6MD, EV 103.1 MPH)
|
|
Batting: LHB Doe Boyland
|
0-0: Ball 1-0: Ball 2-0: Foul Ball, location: 2F 2-1: Ball 3-1: Swinging Strike 3-2: Base on Balls George D Wright to second
|
|
Batting: RHB Bill Bathe
|
0-0: Called Strike 0-1: 3-RUN HOME RUN (Flyball, 7LD, EV 108.8 MPH), Distance : 345 ft
|
|
Batting: LHB Gary Rajsich
|
0-0: Ball 1-0: Ball 2-0: Called Strike 2-1: Foul Ball, location: 2F 2-2: Strikes out swinging
|
|
Batting: RHB John Seefried
|
0-0: Foul Ball, location: 2F 0-1: Ball 1-1: Fly out, F9 (Flyball, 9LM, EV 88.8 MPH)
|
|
Batting: LHB Phillip Baskerville
|
0-0: Swinging Strike 0-1: Ball 1-1: Ball 2-1: Ball 3-1: Base on Balls
|
|
Batting: RHB Pat Keedy
|
0-0: Ball 1-0: Foul Ball, location: 2F 1-1: Called Strike 1-2: Foul Ball, location: 2F 1-2: Ball 2-2: Ball 3-2: Foul Ball, location: 2F 3-2: Strikes out swinging
|
| Top of the 3rd over - 3 runs, 2 hits, 0 errors, 1 left on base; Buffalo 5 - Columbus 0 |
| BOTTOM OF THE 3RD |
|
Columbus Jets batting - Pitching for Buffalo Bisons : RHP Gary Hartsock
|
|
Batting: RHB Ray Smith
|
0-0: Fly out, F7 (Flyball, 78D, EV 98.1 MPH)
|
|
Batting: RHB Greg Schultz
|
0-0: Fly out, F7 (Flyball, 7, EV 91.3 MPH)
|
|
Batting: RHB Jim Maler
|
0-0: Foul Ball, location: 2F 0-1: Ground out 6-3 (Groundball, 56, EV 103.8 MPH)
|
| Bottom of the 3rd over - 0 runs, 0 hits, 0 errors, 0 left on base; Buffalo 5 - Columbus 0 |
| TOP OF THE 4TH |
|
Buffalo Bisons batting - Pitching for Columbus Jets : RHP Darryl Banks
|
|
Batting: LHB Bob Skube
|
0-0: Ball 1-0: Fly out, F7 (Flyball, 78XD, EV 85.0 MPH)
|
|
Batting: RHB Nicholas Kintz
|
0-0: Ground out 4-3 (Groundball, 4, EV 82.5 MPH)
|
|
Batting: SHB George D Wright
|
0-0: Called Strike 0-1: Ball 1-1: Ball 2-1: Swinging Strike 2-2: Foul Ball, location: 2F 2-2: Strikes out swinging
|
| Top of the 4th over - 0 runs, 0 hits, 0 errors, 0 left on base; Buffalo 5 - Columbus 0 |
| BOTTOM OF THE 4TH |
|
Columbus Jets batting - Pitching for Buffalo Bisons : RHP Gary Hartsock
|
|
Batting: RHB Danny Tartabull
|
0-0: Ball 1-0: Ground out 5-3 (Groundball, 56, EV 82.5 MPH)
|
|
Batting: LHB Larry Sheets
|
0-0: Ball 1-0: Ball 2-0: Ball 3-0: Base on Balls
|
|
Batting: RHB Jackie Gutierrez
|
0-0: Ball 1-0: Called Strike 1-1: 2-RUN HOME RUN (Flyball, 7D, EV 97.5 MPH), Distance : 359 ft
|
|
Batting: LHB Paul Hollins
|
0-0: Called Strike 0-1: Ground out 1-3 (Groundball, P, EV 67.5 MPH)
|
|
Batting: RHB Michael Ventress
|
0-0: Called Strike 0-1: Ball 1-1: Ground out 6-3 (Groundball, 6, EV 101.3 MPH)
|
| Bottom of the 4th over - 2 runs, 1 hit, 0 errors, 0 left on base; Buffalo 5 - Columbus 2 |
| TOP OF THE 5TH |
|
Buffalo Bisons batting - Pitching for Columbus Jets : RHP Darryl Banks
|
|
Batting: LHB Doe Boyland
|
0-0: Foul Ball, location: 2F 0-1: Fly out, F8 (Flyball, 89D, EV 98.1 MPH)
|
|
Batting: RHB Bill Bathe
|
0-0: Ball 1-0: Swinging Strike 1-1: Swinging Strike 1-2: Ground out 5-3 (Groundball, 56S, EV 67.5 MPH)
|
|
Batting: LHB Gary Rajsich
|
0-0: Fly out, F8 (Line Drive, 8LD, EV 100.0 MPH)
|
| Top of the 5th over - 0 runs, 0 hits, 0 errors, 0 left on base; Buffalo 5 - Columbus 2 |
| BOTTOM OF THE 5TH |
|
Columbus Jets batting - Pitching for Buffalo Bisons : RHP Gary Hartsock
|
|
Batting: RHB Glenn Goya
|
0-0: Ground out 4-3 (Groundball, 34, EV 88.8 MPH)
|
|
Batting: RHB Ray Smith
|
0-0: Ball 1-0: Ball 2-0: Ball 3-0: Called Strike 3-1: Ground out 6-3 (Groundball, 6M, EV 105.6 MPH)
|
|
Batting: RHB Greg Schultz
|
0-0: Called Strike 0-1: Foul Ball, location: 2F 0-2: Ball 1-2: Ball 2-2: Foul Ball, location: 2F 2-2: Foul Ball, location: 2F 2-2: Foul Ball, location: 2F 2-2: Ball 3-2: Strikes out looking
|
| Bottom of the 5th over - 0 runs, 0 hits, 0 errors, 0 left on base; Buffalo 5 - Columbus 2 |
| TOP OF THE 6TH |
|
Buffalo Bisons batting - Pitching for Columbus Jets : RHP Darryl Banks
|
|
Pitching: RHP Freddy Laro
|
|
|
Batting: RHB John Seefried
|
0-0: Ball 1-0: Ball 2-0: Ball 3-0: Called Strike 3-1: Base on Balls
|
|
Batting: LHB Phillip Baskerville
|
0-0: Sac Bunt to 5S - play at first, batter OUT! 5-3 John Seefried to second
|
|
Batting: RHB Pat Keedy
|
0-0: Swinging Strike 0-1: Foul Ball, location: 2F 0-2: Strikes out swinging
|
|
Batting: LHB Bob Skube
|
0-0: Intentional Walk
|
|
Batting: RHB Nicholas Kintz
|
0-0: Ball 1-0: Called Strike 1-1: Called Strike 1-2: Ball 2-2: Foul Ball, location: 2F 2-2: Ball 3-2: Base on Balls John Seefried to third Bob Skube to second
|
|
Batting: SHB George D Wright
|
0-0: Ball 1-0: Foul Ball, location: 2F 1-1: Ball 2-1: Ball 3-1: Base on Balls John Seefried scores Bob Skube to third Nicholas Kintz to second
|
|
Batting: LHB Doe Boyland
|
0-0: Ball 1-0: Foul Ball, location: 2F 1-1: Ball 2-1: SINGLE (Groundball, 56, EV 83.1 MPH) (infield hit) Bob Skube scores Nicholas Kintz to third George D Wright to second
|
|
Batting: RHB Bill Bathe
|
0-0: Called Strike 0-1: Foul Ball, location: 2F 0-2: Ball 1-2: Fly out, F9 (Flyball, 9D, EV 96.3 MPH)
|
| Top of the 6th over - 2 runs, 1 hit, 0 errors, 3 left on base; Buffalo 7 - Columbus 2 |
| BOTTOM OF THE 6TH |
|
Columbus Jets batting - Pitching for Buffalo Bisons : RHP Gary Hartsock
|
|
Batting: RHB Jim Maler
|
0-0: Ball 1-0: Ball 2-0: Called Strike 2-1: Ball 3-1: Base on Balls
|
|
Batting: RHB Danny Tartabull
|
0-0: Foul Ball, location: 2F 0-1: Foul Ball, location: 2F 0-2: Strikes out looking
|
|
Batting: LHB Larry Sheets
|
0-0: SINGLE (Groundball, 3D, EV 94.4 MPH) Jim Maler to second Runner from 2nd tries for 3rd, SAFE, no throw by RF
|
|
Batting: RHB Jackie Gutierrez
|
0-0: Ball 1-0: Ball 2-0: Ball 3-0: Called Strike 3-1: Ground out 4-3 (Groundball, 4S, EV 72.5 MPH) Jim Maler scores Larry Sheets to second
|
|
Batting: LHB Paul Hollins
|
0-0: Called Strike 0-1: Ground out 4-3 (Groundball, 4, EV 106.9 MPH)
|
| Bottom of the 6th over - 1 run, 1 hit, 0 errors, 1 left on base; Buffalo 7 - Columbus 3 |
| TOP OF THE 7TH |
|
Buffalo Bisons batting - Pitching for Columbus Jets : RHP Freddy Laro
|
|
Batting: LHB Gary Rajsich
|
0-0: Swinging Strike 0-1: Foul Ball, location: 2F 0-2: Ball 1-2: Ball 2-2: Strikes out swinging
|
|
Batting: RHB John Seefried
|
0-0: Called Strike 0-1: Called Strike 0-2: Ball 1-2: Foul Ball, location: 2F 1-2: Ball 2-2: Foul Ball, location: 2F 2-2: SINGLE (Line Drive, 3L, EV 96.3 MPH)
|
|
Batting: LHB Phillip Baskerville
|
0-0: Called Strike 0-1: Fly out, F2 (Popup, 2LF, EV 91.9 MPH)
|
|
Batting: RHB Pat Keedy
|
0-0: Ball 1-0: Ball 2-0: Foul Ball, location: 2F 2-1: Called Strike 2-2: Strikes out swinging
|
| Top of the 7th over - 0 runs, 1 hit, 0 errors, 1 left on base; Buffalo 7 - Columbus 3 |
| BOTTOM OF THE 7TH |
|
Columbus Jets batting - Pitching for Buffalo Bisons : RHP Gary Hartsock
|
|
Batting: RHB Michael Ventress
|
0-0: Ball 1-0: Ball 2-0: Called Strike 2-1: Called Strike 2-2: Ball 3-2: Ground out 3-1 (Groundball, 34, EV 86.3 MPH)
|
|
Batting: RHB Glenn Goya
|
0-0: Ball 1-0: Swinging Strike 1-1: SINGLE (Line Drive, 6MD, EV 106.3 MPH)
|
|
Batting: RHB Ray Smith
|
0-0: Ball 1-0: Foul Ball, location: 2F 1-1: Ball 2-1: Fielders Choice at 2nd, 3-6 (Groundball, 3, EV 77.5 MPH)
|
|
Batting: RHB Greg Schultz
|
0-0: Called Strike 0-1: Fielders Choice at 2nd, 6-4 (Groundball, 6, EV 86.9 MPH)
|
| Bottom of the 7th over - 0 runs, 1 hit, 0 errors, 1 left on base; Buffalo 7 - Columbus 3 |
| TOP OF THE 8TH |
|
Buffalo Bisons batting - Pitching for Columbus Jets : RHP Freddy Laro
|
|
Batting: LHB Bob Skube
|
0-0: Called Strike 0-1: Called Strike 0-2: Ball 1-2: Strikes out swinging
|
|
Batting: RHB Nicholas Kintz
|
0-0: Ball 1-0: TRIPLE (Line Drive, 8LXD, EV 105.6 MPH)
|
|
Batting: SHB George D Wright
|
0-0: Called Strike 0-1: Ball 1-1: Fly out, F7 (Flyball, 78D, EV 107.5 MPH) Runner from 3rd tags up, SCORES, no throw by LF
|
|
Batting: LHB Doe Boyland
|
0-0: Ball 1-0: Swinging Strike 1-1: Foul Ball, location: 2F 1-2: Strikes out swinging
|
| Top of the 8th over - 1 run, 1 hit, 0 errors, 0 left on base; Buffalo 8 - Columbus 3 |
| BOTTOM OF THE 8TH |
|
Columbus Jets batting - Pitching for Buffalo Bisons : RHP Gary Hartsock
|
|
Batting: RHB Jim Maler
|
0-0: Ball 1-0: Foul Ball, location: 2F 1-1: Ball 2-1: SINGLE (Flyball, 8LS, EV 99.4 MPH)
|
|
Batting: RHB Danny Tartabull
|
0-0: Swinging Strike 0-1: Ball 1-1: Foul Ball, location: 2F 1-2: Ball 2-2: Ball 3-2: Base on Balls Jim Maler to second
|
|
Batting: LHB Larry Sheets
|
0-0: Called Strike 0-1: Swinging Strike 0-2: Ball 1-2: Fly out, F7 (Flyball, 78S, EV 85.0 MPH)
|
|
Batting: RHB Jackie Gutierrez
|
0-0: Fly out, F4 (Line Drive, 4, EV 66.9 MPH)
|
|
Batting: LHB Paul Hollins
|
0-0: Ball 1-0: Called Strike 1-1: 3-RUN HOME RUN (Flyball, 9D, EV 103.1 MPH), Distance : 389 ft
|
|
Pitching: RHP Terry Clark
|
|
|
Batting: RHB Michael Ventress
|
0-0: Fly out, F9 (Flyball, 89D, EV 89.4 MPH)
|
| Bottom of the 8th over - 3 runs, 2 hits, 0 errors, 0 left on base; Buffalo 8 - Columbus 6 |
| TOP OF THE 9TH |
|
Buffalo Bisons batting - Pitching for Columbus Jets : RHP Freddy Laro
|
|
Pitching: RHP Owen Foley
|
|
|
Batting: RHB Bill Bathe
|
0-0: Fly out, F7 (Flyball, 7D, EV 90.0 MPH)
|
|
Batting: LHB Gary Rajsich
|
0-0: Swinging Strike 0-1: Ball 1-1: Ball 2-1: Foul Ball, location: 2F 2-2: Foul Ball, location: 2F 2-2: Strikes out swinging
|
|
Batting: RHB John Seefried
|
0-0: Ball 1-0: Ball 2-0: Ball 3-0: Called Strike 3-1: Called Strike 3-2: Fly out, F8 (Line Drive, 8LM, EV 96.9 MPH)
|
| Top of the 9th over - 0 runs, 0 hits, 0 errors, 0 left on base; Buffalo 8 - Columbus 6 |
| BOTTOM OF THE 9TH |
|
Columbus Jets batting - Pitching for Buffalo Bisons : RHP Terry Clark
|
|
Pitching: LHP Buddy Black
|
|
|
Batting: RHB Glenn Goya
|
0-0: Ball 1-0: Called Strike 1-1: Ground out 6-3 (Groundball, 6, EV 96.9 MPH)
|
|
Batting: RHB Ray Smith
|
0-0: Ball 1-0: Foul Ball, location: 2F 1-1: Ball 2-1: SINGLE (Groundball, 56S, EV 62.5 MPH) (infield hit)
|
|
Batting: RHB Greg Schultz
|
0-0: Fielders Choice at 2nd, 5-4 (Groundball, 56S, EV 81.3 MPH)
|
|
Batting: RHB Jim Maler
|
0-0: Ground out 4-3 (Groundball, 34, EV 82.5 MPH)
|
| Bottom of the 9th over - 0 runs, 1 hit, 0 errors, 1 left on base; Buffalo 8 - Columbus 6 |
|